Map: El Dorado

Players

wootwoot - Winner!

  • Race: Terran Terran
  • League: Diamond
  • Spawn Location: 5:00

gaschem

  • Race: Zerg Zerg
  • League: Master
  • Spawn Location: 7:00

VOD

Have the link to the VOD?

Description

Time

  • Played on: April 23, 2025, 5:14 a.m.
  • Length: 7:15
Show
View Real Time Build Order
Export as new Build Order

wootwoot Terran - Winner!

Build Orders: 2 Factory, Gas First Reaper Expand 

Get SALT Encoding   

  12  0:00  SCV  
  13  0:13  SCV  
  14  0:18  Supply Depot  
  14  0:25  SCV  
  15  0:29  Refinery  
  15  0:39  SCV  
  16  0:46  Barracks  
  16  0:51  SCV  
  17  1:04  SCV  
  18  1:16  SCV  
  19  1:33  Orbital Command, Reaper  
  20  1:45  Command Center  
  20  1:56  Factory  
  20  1:59  SCV  
  21  2:06  Refinery  
  21  2:09  Barracks Reactor  
  21  2:11  SCV  
  22  2:18  Supply Depot  
  22  2:23  SCV  
  23  2:39  SCV  
  23  2:40  Factory  
  24  2:50  Hellion  
  26  2:51  SCV  
  26  2:53  Hellion  
  29  2:59  Orbital Command  
  29  3:02  Barracks Tech Lab  
  29  3:05  SCV  
  30  3:16  Hellion  
  30  3:18  SCV  
  32  3:27  SCV  
  32  3:30  SCV, Mag-Field Accelerator  
  34  3:36  Cyclone  
  34  3:39  SCV  
  38  3:42  SCV  
  38  3:46  Supply Depot  
  39  3:48  Supply Depot  
  39  3:51  SCV  
  39  3:54  SCV  
  41  4:03  SCV  
  41  4:06  SCV  
  43  4:15  SCV  
  44  4:18  SCV, Factory  
  44  4:19  Factory x2  
  44  4:23  Refinery  
  44  4:24  Refinery  
  45  4:28  SCV  
  45  4:30  Supply Depot  
  45  4:31  SCV  
  47  4:32  Supply Depot  
  47  4:35  Supply Depot  
  47  4:40  SCV  
  47  4:43  SCV  
  49  4:49  Cyclone  
  49  4:52  SCV, Hellion  
  55  4:55  Hellion  
  55  4:59  SCV  
  58  5:02  Factory Tech Lab  
  58  5:03  Factory Tech Lab  
  58  5:04  SCV  
  58  5:05  Factory Reactor  
  59  5:10  Infernal Pre-Igniter  
  59  5:14  Hellion  
  61  5:16  Hellion  
  63  5:21  Cyclone  
  63  5:22  Cyclone  
  63  5:27  Cyclone  
  72  5:35  Supply Depot  
  72  5:37  Supply Depot  
  72  5:39  Hellion x2  
  72  5:42  Hellion  
  78  5:44  Hellion  
  80  5:53  Cyclone  
  80  5:54  Cyclone  
  86  5:59  Cyclone  
  86  6:02  Hellion  
  86  6:03  Hellion  
  93  6:12  Supply Depot  
  93  6:13  Supply Depot  
  93  6:23  Hellion  
  98  6:25  Cyclone  
  98  6:26  Cyclone  
  98  6:32  Cyclone  
  102  6:37  Hellion  
Show
View Real Time Build Order
Export as new Build Order

gaschem Zerg 

Build Orders: Hatch First 

Get SALT Encoding   

  12  0:00  Drone  
  13  0:12  Overlord  
  13  0:17  Drone  
  14  0:26  Drone, Extractor  
  15  0:31  Drone  
  16  0:50  Hatchery  
  16  0:53  Drone  
  16  0:57  Drone  
  16  1:01  Drone  
  18  1:12  Extractor  
  17  1:18  Spawning Pool  
  17  1:22  Drone  
  18  1:25  Drone  
  18  1:29  Drone  
  19  1:39  Drone  
  20  1:49  Drone  
  21  2:07  Zergling x4  
  23  2:11  Queen x2  
  23  2:14  Overlord  
  27  2:21  Metabolic Boost  
  27  2:23  Drone  
  28  2:33  Drone x3  
  31  2:44  Drone x2  
  32  3:13  Queen  
  32  3:14  Queen  
  32  3:17  Drone  
  32  3:18  Overlord  
  32  3:19  Hatchery  
  35  3:24  Overlord  
  35  3:31  Drone  
  36  3:37  Drone x4  
  36  3:39  Drone  
  41  3:49  Evolution Chamber  
  41  3:51  Evolution Chamber  
  41  3:53  Evolution Chamber  
  38  3:55  Spine Crawler  
  38  3:57  Drone x2  
  39  4:05  Drone x2  
  41  4:10  Drone  
  42  4:18  Overlord  
  42  4:23  Extractor  
  41  4:25  Drone x3  
  44  4:31  Overlord x2  
  44  4:37  Roach Warren  
  43  4:39  Drone  
  43  4:40  Drone x4  
  43  4:42  Spine Crawler  
  47  4:52  Lair  
  47  4:53  Drone x4  
  51  5:00  Drone x2  
  51  5:06  Drone x4  
  57  5:08  Spine Crawler  
  57  5:13  Drone x2  
  58  5:15  Extractor  
  58  5:16  Drone  
  58  5:24  Drone, Extractor  
  58  5:25  Drone x3  
  61  5:37  Queen  
  61  5:38  Overlord x3  
  67  5:42  Roach  
  67  5:43  Roach  
  67  5:44  Roach  
  67  5:47  Roach  
  67  5:48  Roach  
  73  5:52  Glial Reconstitution  
  73  5:56  Overseer  
  73  6:03  Zergling x14  
  80  6:05  Overseer  
  80  6:06  Drone  
  80  6:09  Drone  
  82  6:12  Drone x3  
  82  6:14  Drone  
  86  6:19  Ravager x2  
  86  6:24  Drone x3  
  86  6:25  Extractor  
  90  6:27  Drone x3  
  90  6:28  Extractor  
  90  6:30  Ravager x2  
  94  6:35  Roach  
  94  6:36  Roach  
  97  6:43  Roach  
  96  6:47  Roach  
  96  6:49  Overlord x4, Roach  
  96  6:54  Roach  
Tags
 
Add a new tag
Caveats
  • Supply blocks, unpowered buildings, or Contaminate may cause inaccurate times.
  • Supply counts are checked every 10 seconds.